 Dungeon Sprint DCSS version 0.30-a0-949-g53dc5368d7 (webtiles) character file.

Game seed: 2708064502034286522

480700 testman the End of an Era (level 19, 189/189 HPs)
             Began as a Demonspawn Fighter on Mar 27, 2023.
             Was the Champion of Qazlal.
             Escaped with the Orb!
             The game lasted 00:57:24 (2029 turns).

testman the End of an Era (Demonspawn Fighter)      Turns: 2029, Time: 00:57:24

Health: 189/189    AC: 44    Str: 31    XL:     19   Next: 3%
Magic:  54/54      EV: 16    Int: 11    God:    Qazlal [******]
Gold:   0          SH: 45    Dex: 22    Spells: 18/18 levels left

rFire   + . .      SeeInvis +    C - +16 obsidian axe {drain, demonic, Mesm Drain Fly SInv}
rCold   + . .      Faith    .    D - +18 shield of the Gong {Loud rN+ Will+ rCorr EV-5}
rNeg    + + +      Spirit   +    E - +15 Maxwell's patent armour {-Cast -Tele rElec Will+ rCorr}
rPois   +          Reflect  .    b - +0 hat of Isyon {+Inv rC+ Int-3 Slay+3}
rElec   +          Rampage  .    (cloak unavailable)
rCorr   +          NoTele   +    a - +1 pair of gloves "Momid" {rElec Str+9 Dex-2}
Will    +++..      NoCast   +    y - +2 pair of boots "Amuptoc" {rPois rN+++ Regen+ Dex-2}
Stlth   +                        w - amulet of Vitality {RegenMP++ Regen++}
HPRegen 2.91/turn                P - ring "Cuskonk" {MP+9 Dex+6 Slay+2}
MPRegen 1.48/turn                I - ring of the Peculiar Priests {rF+ rCorr MP+9 Int+3 Stlth+}

@: flying, studying 5 skills, repel missiles
A: thin skeletal structure 3, demonic guardian 2, magic shield, magic
regeneration, magic link, weakness stinger 3
0: Orb of Zot
a: Renounce Religion, Evoke Invisibility, Upheaval, Elemental Force, Disaster
Area


You escaped.
You worshipped Qazlal.
Qazlal was exalted by your worship.
You visited 1 branch

Inventory:

Hand Weapons
 C - the +16 obsidian axe (weapon) {drain, demonic, Mesm Drain Fly SInv}
   (You found it in the Dungeon)

   Mesm:      Its wielder is mesmerised by any visible foes, and it cannot be
   unequipped while any foes are visible.
   SInv:      It lets you see invisible.
   Fly:       It grants you flight.
   Drain:     It drains your maximum health when unequipped.
Missiles
 F - a throwing net
 U - 3 curare-tipped darts
Armour
 a - the +1 pair of gloves "Momid" (worn) {rElec Str+9 Dex-2}
   (You found it in the Dungeon)

   Str:       It affects your strength (+9).
   Dex:       It affects your dexterity (-2).
   rElec:     It insulates you from electricity.
 b - the +0 hat of Isyon (worn) {+Inv rC+ Int-3 Slay+3}
   (You found it in the Dungeon)

   Int:       It affects your intelligence (-3).
   Slay:      It affects your accuracy & damage with ranged weapons and melee
   (+3).
   rC:        It protects you from cold.
   +Inv:      It lets you turn invisible.
 n - +5 fire dragon scales
 y - the +2 pair of boots "Amuptoc" (worn) {rPois rN+++ Regen+ Dex-2}
   (You found it in the Dungeon)

   Dex:       It affects your dexterity (-2).
   rPois:     It protects you from poison.
   rN:        It renders you almost immune to negative energy.
   Regen:     It increases your rate of health regeneration.
 D - the +18 shield of the Gong (worn) {Loud rN+ Will+ rCorr EV-5}
   (You found it in the Dungeon)

   Loud:      It is deafeningly noisy when blocking attacks.
   EV:        It affects your evasion (-5).
   rN:        It protects you from negative energy.
   rCorr:     It protects you from acid and corrosion.
   Will:      It increases your willpower.
 E - the +15 Maxwell's patent armour (worn) {-Cast -Tele rElec Will+ rCorr}
   (You found it in the Dungeon)

   rElec:     It insulates you from electricity.
   -Cast:     It prevents spellcasting.
   -Tele:     It prevents most forms of teleportation.
   rCorr:     It protects you from acid and corrosion.
   Will:      It increases your willpower.
 G - the +2 hat of the Elephant {Fly Slay+2}
   (You found it in the Dungeon)

   Slay:      It affects your accuracy & damage with ranged weapons and melee
   (+2).
   Fly:       It grants you flight.
 Q - the +0 pair of boots of the Boiling Point {Will+ Str+7 Int-2 Dex-3}
   (You found it in the Dungeon)

   Str:       It affects your strength (+7).
   Int:       It affects your intelligence (-2).
   Dex:       It affects your dexterity (-3).
   Will:      It increases your willpower.
 R - a +2 pair of gloves of hurling
Jewellery
 u - the ring of Shadows {Umbra +Inv Stlth+}
   (You took it off a frost giant in the Dungeon)

   [ring of stealth]

   Umbra:     It surrounds you with an aura of shadow, increasing your stealth
   and reducing the accuracy of all others within it.
   +Inv:      It lets you turn invisible.
   Stlth:     It makes you more stealthy.
 v - a ring of willpower
 w - the amulet of Vitality (around neck) {RegenMP++ Regen++}
   (You found it in the Dungeon)

   [amulet of magic regeneration]

   It increases your rate of magic regeneration.
   Regen:     It increases your rate of health regeneration.
 x - a ring of ice
 z - a ring of resist corrosion
 A - the amulet "Enafougo" {Acrobat +Blink rC+ rN+ Str-2}
   (You took it off an orc knight in the Dungeon)

   [amulet of the acrobat]

   It increases your evasion while moving and waiting.
   Str:       It affects your strength (-2).
   rC:        It protects you from cold.
   rN:        It protects you from negative energy.
   +Blink:    It lets you blink.
 H - a ring of magical power
 I - the ring of the Peculiar Priests (right hand) {rF+ rCorr MP+9 Int+3 Stlth+}
   (You found it in the Dungeon)

   [ring of magical power]

   Int:       It affects your intelligence (+3).
   rF:        It protects you from fire.
   MP:        It affects your magic capacity (+9).
   rCorr:     It protects you from acid and corrosion.
   Stlth:     It makes you more stealthy.
 P - the ring "Cuskonk" (left hand) {MP+9 Dex+6 Slay+2}
   (You found it in the Dungeon)

   [ring of dexterity]

   Dex:       It affects your dexterity (+6).
   Slay:      It affects your accuracy & damage with ranged weapons and melee
   (+2).
   MP:        It affects your magic capacity (+9).
 V - the ring of Leituq {Will+ AC+4 Int+2 SInv}
   (You found it in the Dungeon)

   [ring of protection]

   AC:        It affects your AC (+4).
   Int:       It affects your intelligence (+2).
   SInv:      It lets you see invisible.
   Will:      It increases your willpower.
 W - the ring of the Pariah {rPois MP+9}
   (You found it in the Dungeon)

   [ring of magical power]

   rPois:     It protects you from poison.
   MP:        It affects your magic capacity (+9).
 X - the macabre finger necklace {Finger+ rN+}
   (You found it in the Dungeon)

   [amulet of nothing]

   Finger+:   It enables you to equip an extra ring.
   rN:        It protects you from negative energy.
 Y - the ring of Oschutosu {rF+ rN+ Will+ MP-9 Str+2}
   (You found it in the Dungeon)

   [ring of willpower]

   Str:       It affects your strength (+2).
   rF:        It protects you from fire.
   rN:        It protects you from negative energy.
   MP:        It affects your magic capacity (-9).
   Will:      It increases your willpower.
 Z - the amulet of Wieligy {Reflect Rampage SH+5}
   (You took it off a white draconian in the Dungeon)

   [amulet of reflection]

   It reflects blocked missile attacks.
   SH:        It affects your SH (+5).
   Rampage:   It bestows one free step when moving towards enemies.
Wands
 s - a wand of mindburst (7)
 t - a wand of acid (7)
 S - a wand of charming (5)
Scrolls
 j - 4 scrolls of blinking
 o - 4 scrolls of amnesia
 p - 8 scrolls of fog
 q - 3 scrolls of identify
 r - 2 scrolls of fear
 N - 8 scrolls of brand weapon
 O - 4 scrolls of enchant weapon
Potions
 d - 7 potions of might
 e - 10 potions of curing
 f - 38 potions of heal wounds
 g - 14 potions of haste
 h - 7 potions of magic
 i - 3 potions of berserk rage
 k - 3 potions of brilliance
 l - 4 potions of invisibility
 m - 4 potions of resistance
 T - 2 potions of lignification
Miscellaneous
 c - a condenser vane
 B - a lightning rod (4/4)
 J - a phantom mirror
 K - a phial of floods
 L - a box of beasts
 M - a tin of tremorstones (2/2)


   Skills:
 O Level 27 Fighting
 + Level 26.3 Axes
 + Level 14.0 Throwing
 + Level 26.4 Armour
 + Level 17.4 Dodging
 + Level 26.4 Shields
 O Level 27 Invocations
 O Level 27 Evocations


You had 18 spell levels left.
You didn't know any spells.
Your spell library contained the following spells:

 Spells                   Type           Power      Damage    Failure   Level
 Apportation              Tloc           0%         N/A       69%         1
 Beastly Appendage        Tmut           0%         N/A       69%         1
 Foxfire                  Conj/Fire      0%         2x1d4     69%         1
 Kiss of Death            Conj/Necr      0%         2d5       69%         1
 Magic Dart               Conj           0%         1d3       69%         1
 Necrotise                Necr           0%         1d4       69%         1
 Sandblast                Erth           0%         2d4       69%         1
 Shock                    Conj/Air       0%         1d3       69%         1
 Slow                     Hex            0%         N/A       69%         1
 Sting                    Tmut/Pois      0%         1d3       69%         1
 Summon Small Mammal      Summ           0%         N/A       69%         1
 Blink                    Tloc           0%         N/A       83%         2
 Call Imp                 Summ           0%         N/A       83%         2
 Cigotuvi's Dreadful Rot  Necr/Pois/Air  0%         N/A       83%         2
 Ensorcelled Hibernation  Hex/Ice        0%         N/A       83%         2
 Lesser Beckoning         Tloc           0%         N/A       83%         2
 Momentum Strike          Conj/Tloc      0%         3d8       83%         2
 Passwall                 Tmut/Erth      0%         N/A       83%         2
 Scorch                   Fire           0%         2d5       83%         2
 Static Discharge         Conj/Air       0%         2-2/arc   83%         2
 Sublimation of Blood     Necr           0%         N/A       83%         2
 Wereblood                Tmut           0%         N/A       83%         2
 Call Canine Familiar     Summ           0%         N/A       96%         3
 Confusing Touch          Hex            0%         N/A       96%         3
 Dazzling Flash           Conj/Hex       0%         N/A       96%         3
 Frozen Ramparts          Ice            0%         1d1       96%         3
 Gell's Gravitas          Tloc           0%         N/A       96%         3
 Hailstorm                Conj/Ice       0%         3d3       96%         3
 Ignite Poison            Fire/Tmut/Pois 0%         N/A       96%         3
 Inner Flame              Hex/Fire       0%         N/A       96%         3
 Kindle Blastsparks       Fire/Tloc/Air  0%         2d10      96%         3
 Mephitic Cloud           Conj/Pois/Air  0%         N/A       96%         3
 Ozocubu's Armour         Ice            0%         N/A       96%         3
 Portal Projectile        Hex/Tloc       0%         N/A       96%         3
 Spider Form              Tmut/Pois      0%         N/A       96%         3
 Stone Arrow              Conj/Erth      0%         3d7       96%         3
 Summon Guardian Golem    Hex/Summ       0%         N/A       96%         3
 Swiftness                Air            0%         N/A       96%         3
 Tukima's Dance           Hex            0%         N/A       96%         3
 Vampiric Draining        Necr           0%         2d6       96%         3
 Airstrike                Air            0%         2d(0-16)  100%        4
 Anguish                  Hex/Necr       0%         N/A       100%        4
 Animate Armour           Summ/Erth      0%         N/A       100%        4
 Animate Dead             Necr           0%         N/A       100%        4
 Cause Fear               Hex            0%         N/A       100%        4
 Dispel Undead            Necr           0%         3d6       100%        4
 Flame Wave               Conj/Fire      0%         2d4       100%        4
 Fulminant Prism          Conj/Hex       0%         3d5       100%        4
 Iskenderun's Mystic Bla  Conj/Tloc      0%         2d3       100%        4
 Leda's Liquefaction      Hex/Erth       0%         N/A       100%        4
 Manifold Assault         Tloc           0%         N/A       100%        4
 Passage of Golubria      Tloc           0%         N/A       100%        4
 Petrify                  Tmut/Erth      0%         N/A       100%        4
 Sticky Flame             Conj/Fire      0%         2d3       100%        4
 Summon Ice Beast         Ice/Summ       0%         N/A       100%        4
 Summon Lightning Spire   Summ/Air       0%         N/A       100%        4
 Agony                    Necr           0%         N/A       100%        5
 Alistair's Intoxication  Tmut/Pois      0%         N/A       100%        5
 Arcjolt                  Conj/Air       0%         1d10      100%        5
 Blade Hands              Tmut           0%         N/A       100%        5
 Borgnjor's Vile Clutch   Necr/Erth      0%         N/A       100%        5
 Fireball                 Conj/Fire      0%         3d3       100%        5
 Freezing Cloud           Conj/Ice/Air   0%         6-21      100%        5
 Irradiate                Conj/Tmut      0%         3d11      100%        5
 Iskenderun's Battlesphe  Conj           0%         2d6       100%        5
 Lee's Rapid Deconstruct  Erth           0%         3d4*      100%        5
 Metabolic Englaciation   Hex/Ice        0%         N/A       100%        5
 Plasma Beam              Fire/Air       0%         2x1d11    100%        5
 Silence                  Hex/Air        0%         N/A       100%        5
 Summon Mana Viper        Hex/Summ       0%         N/A       100%        5
 Yara's Violent Unravell  Hex/Tmut       0%         3d3       100%        5
 Conjure Ball Lightning   Conj/Air       0%         3x3d6     100%        6
 Death Channel            Necr           0%         N/A       100%        6
 Eringya's Noxious Bog    Tmut/Pois      0%         N/A       100%        6
 Iron Shot                Conj/Erth      0%         9d1       100%        6
 Starburst                Conj/Fire      0%         6d3       100%        6
 Statue Form              Tmut/Erth      0%         N/A       100%        6
 Summon Cactus Giant      Summ           0%         N/A       100%        6
 Dragon Form              Tmut           0%         N/A       100%        7
 Malign Gateway           Summ/Tloc      0%         N/A       100%        7
 Monstrous Menagerie      Summ           0%         N/A       100%        7
 Orb of Destruction       Conj           0%         9d5       100%        7
 Ozocubu's Refrigeration  Ice            0%         4d7       100%        7
 Spellforged Servitor     Conj/Summ      0%         N/A       100%        7
 Storm Form               Tmut/Air       0%         N/A       100%        7
 Summon Hydra             Summ           0%         N/A       100%        7
 Borgnjor's Revivificati  Necr           0%         N/A       100%        8
 Lehudib's Crystal Spear  Conj/Erth      0%         10d2      100%        8
 Maxwell's Capacitive Co  Air            0%         ∞         100%        8
 Necromutation            Tmut/Necr      0%         N/A       100%        8
 Summon Horrible Things   Summ           0%         N/A       100%        8
 Death's Door             Necr           0%         N/A       100%        9
 Dragon's Call            Summ           0%         N/A       100%        9
 Fire Storm               Conj/Fire      0%         5d1       100%        9


Dungeon Overview and Level Annotations

Branches:
Dungeon (1/1)

Altars:
Ashenzari
Cheibriados
Dithmenos
Fedhas
Gozag
Hepliaklqana
Kikubaaqudgha
Makhleb
Nemelex Xobeh
Okawaru
Qazlal
Ru
Sif Muna
Trog
Uskayaw
Vehumet
Wu Jian
Xom
Yredelemnul
Jiyva
Lugonu


Innate Abilities, Weirdness & Mutations

You have an unnaturally thin skeletal structure. (Dex +6, Stealth+++)
A demonic guardian rushes to your aid.
When hurt, damage is shared between your health and your magic reserves.
You regenerate magic rapidly.
When low on magic, you restore magic in place of health.
You have a sharp stinger which inflicts weakening toxins.


Message History

You see here a +1 spear of venom.
You see here a +0 long sword.
Items here: )) †††.
Items here: ))) : [ | } ††.
Things that are here:
a +1 robe of the Archmagi; a moth of wrath corpse You see here a staff of air.
You see here a +4 chain mail of cold resistance.
Things that are here:
a staff of cold; the staff of fire "Ychipta" {rF+ MP+9 Int-4 SInv} You see here a +1 falchion of flaming.
Things that are here:
a staff of cold; a +0 plate armour of poison resistance You see here a +3 chain mail of fire resistance.
You see here a staff of poison.
Z - the amulet of Wieligy {Reflect Rampage SH+5}
Things that are here:
a +2 sling of draining; a moth of wrath corpse; a red draconian corpse
Okay, then.
Unknown command.
Partly explored, unvisited transporter.
Okay, then.
You see here a moth of wrath corpse.
Things that are here:
the +3 quarterstaff of Ecil {drain, rN+ Str+5}; a +0 glaive; a black draconian corpse
Things that are here:
+0 gold dragon scales; a golden dragon corpse
There is a transporter here.
You see here a book of Blood.
An exit appears before you!
You enter the transporter and appear at another place.
Found the Orb of Zot.
Found a staircase leading out of the dungeon.
You see here the Orb of Zot.
You pick up the Orb of Zot!
The Orb lets out a hideous shriek!
The lords of Pandemonium are not amused.
Beware!
Now all you have to do is get back out of the dungeon!
There is a staircase leading out of the dungeon here.
You can't go down here!
You have escaped!

).....[.)...▓..▓.......▓..▓...8©8
............▓.▓▓▓.....▓▓▓.▓..[.|)
..))..†.....▓..▓.......▓..▓..)).}
....).......▓.......≈.....▓......
....††......▓......©......▓......
...†........▓▓▓▓▓▓▓▓▓▓▓▓▓▓▓......
............▓8888888888888▓......
............▓8...........8▓..▓...
............▓8..@.....©..8▓.▓....
............▓8§§.§○......8▓....©.
....©.......▓8888888888888▓▓▓▓▓▓▓
▓▓▓▓▓▓▓▓▓▓▓▓▓▓▓▓▓▓▓▓▓▓▓▓▓▓▓▓▓▓▓▓▓
)..."8©8........▓........8©8.....
..:[..:[.)[|.[..▓..[:=}[.)[.})}|.
†..[.|}...||[)".▓.}|})[!:}.[)[.=.
...†.[.[.."))...▓.)[..|)[)}:...|.
†...†....}.....)▓...)....)|......


There were no monsters in sight!

Vanquished Creatures
  A pandemonium lord (D)
  A dread lich (D)
  A Killer Klown (D)
  3 shard shrikes (D)
  A curse toe (D)
  Saint Roka (D)
  6 golden dragons (D)
  2 bone dragons (D)
  8 Ice Fiends (D)
  A lich (D)
  2 tentacled monstrosities (D)
  16 Orb Guardians (D)
  4 quicksilver dragons (D)
  An Executioner (D)
  3 searing wretches (D)
  Polyphemus (D)
  4 titans (D)
  A tentacled starspawn (D)
  Agnes (D)
  9 shadow dragons (D)
  A death cob (D)
  Donald (D)
  8 nagarajas (D)
  Roxanne (D)
  2 storm dragons (D)
  A draconian knight (D)
  6 frost giants (D)
  13 narguns (D)
  An azure jelly (D)
  2 draconian scorchers (D)
  3 iron dragons (D)
  2 balrugs (D)
  12 fire giants (D)
  7 orc warlords (D)
  A deep elf elementalist (D)
  3 ironbound preservers (D)
  An ironbound thunderhulk (D)
  2 vampire knights (D)
  9 stone giants (D)
  A green draconian (D)
  2 purple draconians (D)
  3 yellow draconians (D)
  A lorocyproca (D)
  5 black draconians (D)
  15 wendigos (D)
  8 red draconians (D)
  3 white draconians (D)
  Azrael (D)
  A blizzard demon (D)
  4 ettins (D)
  3 vault guards (D)
  3 salamander tyrants (D)
  2 great orbs of eyes (D)
  3 fire dragons (D)
  4 hydras (D)
  An ice dragon (D)
  A rakshasa (D)
  Erica (D)
  5 anacondas (D)
  2 stokers (D)
  2 two-headed ogres (D)
  3 naga warriors (D)
  A vampire mage (D)
  2 hell hogs (D)
  2 orc high priests (D)
  A thrashing horror (D)
  10 soul eaters (D)
  Sonja (D)
  3 wretched stars (D)
  2 glowing orange brains (D)
  8 death drakes (D)
  4 swamp dragons (D)
  An orb spider (D)
  An ironbound convoker (D)
  4 starcursed masses (D)
  5 orc knights (D)
  An ugly thing (D)
  2 necromancers (D)
  4 cyclopes (D)
  5 orc sorcerers (D)
  A wolf spider (D)
  2 worldbinders (D)
  4 black mambas (D)
  10 moths of wrath (D)
  Joseph (D)
  An apocalypse crab (D)
  7 guardian serpents (D)
  6 naga magi (D)
  An orange demon (D)
  A smoke demon (D)
  6 hellions (D)
  2 freezing wraiths (D)
  A kobold demonologist (D)
  4 rime drakes (D)
  2 ice devils (D)
  6 tormentors (D)
  2 ancient zymes (D)
  A hellwing (D)
  2 trolls (D)
  4 merfolk (D)
  9 large abominations (D)
  A wind drake (D)
  4 raiju (D)
  A blink frog (D)
  A flying skull (D)
  A jumping spider (D)
  5 slime creatures (D)
  A shadow (D)
  A wyvern (shapeshifter) (D)
  A wyvern (D)
  2 vampires (D)
  4 ynoxinuls (D)
  Eustachio (D)
  A fire bat (shapeshifter) (D)
  A basilisk (shapeshifter) (D)
  5 steam dragons (D)
  A golden eye (D)
  A neqoxec (D)
  4 chaos spawn (D)
  A redback (D)
  Menkaure (D)
  3 wargs (D)
  4 acid dragons (D)
  5 nagas (D)
  8 water moccasins (D)
  A hell hound (D)
  8 orc warriors (D)
  An ice beast (D)
  5 swamp drakes (D)
  5 ogres (D)
  2 phantoms (D)
  5 small abominations (D)
  A scorpion (D)
  3 wights (D)
  A crimson imp (D)
  4 quasits (D)
  An orc priest (D)
  A jelly (D)
  An iron imp (D)
  Jessica (D)
  Ijyb (D)
  3 orc wizards (D)
  3 adders (D)
  5 white imps (D)
  An ufetubus (D)
  2 spectral adders (D)
  2 adder zombies (D)
  6 adder skeletons (D)
  3 adder simulacra (D)
  2 orcs (D)
  A spectral bat (D)
  5 bat skeletons (D)
  3 bat zombies (D)
  2 endoplasms (D)
  2 ball pythons (D)
  A ball python simulacrum (D)
  3 ball python skeletons (D)
  A ball python zombie (D)
  2 bat simulacra (D)
  A giant cockroach zombie (D)
  A jackal skeleton (D)
  A jackal zombie (D)
  2 quokka zombies (D)
  2 spectral ball pythons (D)
  2 spectral giant cockroaches (D)
  A spectral jackal (D)
  2 spectral quokkas (D)
505 creatures vanquished.

Vanquished Creatures (collateral kills)
  A vault guard (D)
  An ironbound convoker (D)
  A cyclops (D)
  A black mamba (D)
  A yaktaur (D)
  A wind drake (D)
  2 vampires (D)
  A water moccasin (D)
  An ogre (D)
  2 scorpions (D)
  2 wights (D)
  A white imp (D)
  An ufetubus (D)
  A bat zombie (D)
17 creatures vanquished.

Vanquished Creatures (others)
  A hellion (D)
  An adder simulacrum (D)
2 creatures vanquished.

Grand Total: 524 creatures vanquished

Notes
Turn   | Place    | Note
-------+----------+-------------------------------------------
     0 | D        | testman the Demonspawn Fighter began the quest for the Orb.
     0 | D        | Reached XP level 1. HP: 18/18 MP: 1/1
     0 | D        | Found a shimmering blue altar of Sif Muna.
     0 | D        | Found a sacrificial altar of Ru.
     0 | D        | Found a bloodstained altar of Trog.
     0 | D        | Found a stormy altar of Qazlal.
     0 | D        | Found an iron altar of Okawaru.
     0 | D        | Found a sparkling altar of Nemelex Xobeh.
     0 | D        | Found a blossoming altar of Fedhas.
     0 | D        | Found the +6 Majin-Bo {spellvamp, MP+6 Int+6}
     0 | D        | Found the +27 heavy crossbow "Sniper" {heavy, Acc+∞ SInv}
     0 | D        | Found the +10 dark maul {heavy}
     0 | D        | Found the +15 Maxwell's patent armour {-Cast -Tele rElec
                  | Will+ rCorr}
     0 | D        | Found the +18 shield of the Gong {Loud rN+ Will+ rCorr
                  | EV-5}
     0 | D        | Found the +16 obsidian axe {drain, demonic, Mesm Drain Fly
                  | SInv}
     0 | D        | Found the +7 great mace "Firestarter" {flame, inner flame,
                  | rFlCloud rF++}
     0 | D        | Found the +6 shillelagh "Devastator" {shatter}
     0 | D        | Found the +11 plutonium sword {Contam Stlth-}
     0 | D        | Found the +8 lance "Wyrmbane" {slay drac, rPois rF+ rC+
                  | AC+3}
     0 | D        | Found the +9 sword of Zonguldrok {reap}
     0 | D        | Found the +13 scythe of Curses {drain, curses, Drain}
     0 | D        | Found the +9 sword of Power {lifebolt}
     0 | D        | Found the +7 mace of Variability {chaos, chain chaos}
     0 | D        | Found the +11 Singing Sword {sonic wave}
     0 | D        | Found the +8 storm bow {elec, penet}
     2 | D        | Found a transporter.
     2 | D        | Found an ancient bone altar of Kikubaaqudgha.
     2 | D        | Found a viscous altar of Jiyva.
     2 | D        | Found a corrupted altar of Lugonu.
     2 | D        | Found a hazy altar of Hepliaklqana.
     2 | D        | Found a burning altar of Makhleb.
     2 | D        | Found an opulent altar of Gozag.
    17 | D        | Became a worshipper of Qazlal Stormbringer
    47 | D        | Gained mutation: You have a small tail. [demonic ancestry]
    47 | D        | Reached XP level 2. HP: 26/26 MP: 2/2
    70 | D        | Entered arena 2.
    70 | D        | Found a transporter.
    88 | D        | Entered arena 3.
    88 | D        | Noticed a sky beast
    88 | D        | Noticed a basilisk
    88 | D        | Noticed a green ugly thing
    88 | D        | Found a transporter.
    90 | D        | a sky beast changed into a hornet
    90 | D        | Noticed a hornet (shapeshifter)
    91 | D        | Killed a basilisk
    91 | D        | Reached * piety under Qazlal
    91 | D        | a hornet changed into a black mamba
    91 | D        | Noticed a black mamba (shapeshifter)
    92 | D        | Reached skill level 5 in Axes
    92 | D        | Reached skill level 5 in Armour
    92 | D        | Reached skill level 5 in Shields
    92 | D        | Gained mutation: A weak demonic guardian rushes to your
                  | aid. [demonic ancestry]
    92 | D        | Reached XP level 3. HP: 20/34 MP: 2/6
    92 | D        | Reached XP level 4. HP: 24/40 MP: 2/7
    92 | D        | Reached XP level 5. HP: 28/46 MP: 2/8
    93 | D        | a black mamba changed into a wyvern
    93 | D        | Noticed a wyvern (shapeshifter)
    94 | D        | Killed a wyvern
    95 | D        | Gained mutation: You have a tail ending in a sharp stinger.
                  | [demonic ancestry]
    95 | D        | Reached XP level 6. HP: 25/55 MP: 2/10
    95 | D        | Killed a green ugly thing
    96 | D        | Gained mutation: You have a somewhat thin skeletal
                  | structure. (Dex +2, Stealth+) [demonic ancestry]
    96 | D        | Reached XP level 7. HP: 29/62 MP: 2/13
   206 | D        | Entered arena 4.
   206 | D        | Found a transporter.
   209 | D        | Reached ** piety under Qazlal
   220 | D        | Entered arena 5.
   220 | D        | Noticed an ironbound convoker
   220 | D        | Noticed an ironbound preserver
   220 | D        | Noticed a slime creature
   220 | D        | Noticed an ironbound thunderhulk
   220 | D        | Found a transporter.
   224 | D        | Killed an ironbound thunderhulk
   224 | D        | Reached *** piety under Qazlal
   225 | D        | Reached skill level 10 in Invocations
   225 | D        | Gained mutation: You regenerate magic rapidly. [demonic
                  | ancestry]
   225 | D        | Reached XP level 8. HP: 53/71 MP: 10/15
   226 | D        | Killed a slime creature
   228 | D        | Killed an ironbound preserver
   229 | D        | Reached skill level 10 in Fighting
   229 | D        | Reached XP level 9. HP: 61/79 MP: 11/17
   230 | D        | Killed an ironbound convoker
   230 | D        | Reached **** piety under Qazlal
   282 | D        | Entered arena 6.
   282 | D        | Found the amulet of Vitality {RegenMP++ Regen++}
   282 | D        | Found a transporter.
   288 | D        | Reached ***** piety under Qazlal
   289 | D        | Reached skill level 10 in Armour
   289 | D        | Reached skill level 10 in Shields
   310 | D        | Entered arena 7.
   310 | D        | Noticed a merfolk
   310 | D        | Noticed a merfolk
   310 | D        | Noticed a wind drake
   310 | D        | Noticed a wind drake
   310 | D        | Noticed a merfolk
   310 | D        | Noticed a merfolk
   311 | D        | Found a transporter.
   317 | D        | Killed a merfolk
   320 | D        | Killed a merfolk
   322 | D        | Killed a wind drake
   323 | D        | Reached skill level 10 in Axes
   323 | D        | Killed a wind drake
   324 | D        | Reached XP level 10. HP: 72/88 MP: 19/19
   351 | D        | Entered arena 8.
   351 | D        | Noticed a wolf spider
   352 | D        | Found a transporter.
   355 | D        | Reached ****** piety under Qazlal
   356 | D        | Killed a wolf spider
   361 | D        | Got the +2 hat of the Elephant {Fly Slay+2}
   377 | D        | Entered arena 9.
   377 | D        | Noticed a cyclops
   377 | D        | Noticed a two-headed ogre
   377 | D        | Noticed a cyclops
   377 | D        | Noticed a two-headed ogre
   378 | D        | Found a transporter.
   380 | D        | Noticed an orange demon
   381 | D        | Killed a two-headed ogre
   381 | D        | Killed a two-headed ogre
   383 | D        | Killed a cyclops
   385 | D        | Killed a cyclops
   392 | D        | Got the ring of the Peculiar Priests {rF+ rCorr MP+9 Int+3
                  | Stlth+}
   399 | D        | Entered arena 10.
   399 | D        | Noticed an ironbound preserver
   399 | D        | Noticed a vault guard
   399 | D        | Noticed a vault guard
   399 | D        | Noticed an ironbound convoker
   399 | D        | Noticed a vault guard
   399 | D        | Noticed an ironbound preserver
   399 | D        | Noticed a vault guard
   400 | D        | Found a transporter.
   405 | D        | Killed an ironbound preserver
   406 | D        | Reached skill level 15 in Invocations
   406 | D        | Reached XP level 11. HP: 94/96 MP: 22/22
   406 | D        | Killed an ironbound preserver
   408 | D        | Killed a vault guard
   408 | D        | Killed a vault guard
   410 | D        | Noticed an Ice Fiend
   411 | D        | Noticed a nargun
   411 | D        | Killed a vault guard
   415 | D        | Killed a vault guard
   416 | D        | Killed a nargun
   416 | D        | Killed an ironbound convoker
   417 | D        | Reached skill level 5 in Evocations
   417 | D        | Killed an Ice Fiend
   482 | D        | Entered arena 11.
   483 | D        | Found a transporter.
   488 | D        | Gained mutation: When hurt, damage is shared between your
                  | health and your magic reserves. [demonic ancestry]
   488 | D        | Reached XP level 12. HP: 107/107 MP: 19/24
   495 | D        | Got the Textbook on Amassed Location
   514 | D        | Entered arena 12.
   514 | D        | Found the +6 lightning scales {swift, rElec}
   514 | D        | Noticed an anaconda
   514 | D        | Noticed an anaconda
   514 | D        | Noticed a nagaraja
   515 | D        | Noticed a nagaraja
   516 | D        | Killed an anaconda
   519 | D        | Killed an anaconda
   520 | D        | Killed a nagaraja
   520 | D        | Killed a nagaraja
   559 | D        | Found a transporter.
   566 | D        | Got the amulet "Togastru" {Faith Fly Dex+5}
   571 | D        | Got Sif Muna's Precepts of the Tundra
   577 | D        | Entered arena 13.
   577 | D        | Noticed a shadow dragon
   579 | D        | Found a transporter.
   587 | D        | Killed a shadow dragon
   595 | D        | Got the +0 hat of Isyon {+Inv rC+ Int-3 Slay+3}
   618 | D        | Entered arena 14.
   619 | D        | Noticed an azure jelly
   619 | D        | Noticed a great orb of eyes
   621 | D        | Killed a great orb of eyes
   621 | D        | Killed an azure jelly
   622 | D        | Reached skill level 15 in Fighting
   622 | D        | Found a transporter.
   643 | D        | Entered arena 15.
   644 | D        | Noticed a naga warrior
   645 | D        | Noticed a naga warrior
   646 | D        | Killed a naga warrior
   646 | D        | Killed a naga warrior
   647 | D        | Gained mutation: You have a moderately thin skeletal
                  | structure. (Dex +4, Stealth++) [demonic ancestry]
   647 | D        | Reached XP level 13. HP: 95/116 MP: 14/26
   649 | D        | Found a transporter.
   723 | D        | Entered arena 16.
   725 | D        | Found the +8 autumn katana {manifold assault}
   727 | D        | Reached skill level 10 in Evocations
   728 | D        | Found a transporter.
   741 | D        | Got Qaphisu's Excursus on Ghastly Beguiling
   756 | D        | Entered arena 17.
   758 | D        | Identified the staff of earth "Ynipn" {rF+ Int+4 Dex-2
                  | Stlth+}
   759 | D        | Noticed a vampire knight
   759 | D        | Noticed a lich
   759 | D        | Noticed a vampire knight
   759 | D        | Identified the +4 arbalest of the Lettuce {drain, Fragile
                  | Int+5}
   760 | D        | Identified the +6 short sword "Xusuteum" {pain, *Corrode
                  | Str+6 Dex+4}
   760 | D        | Identified the staff of fire "Down" {rF+ rN+}
   760 | D        | Identified the +1 spear "Imyciq" {freeze, rC++ SInv}
   761 | D        | Found a transporter.
   765 | D        | Killed a vampire knight
   769 | D        | Killed a lich
   769 | D        | Killed a vampire knight
   770 | D        | Reached skill level 15 in Axes
   770 | D        | Reached skill level 15 in Armour
   770 | D        | Reached skill level 15 in Shields
   799 | D        | Got the Compilation of the Sixfirhy and Attacks
   814 | D        | Entered arena 18.
   816 | D        | Noticed Polyphemus
   816 | D        | Noticed Eustachio
   816 | D        | Noticed Ijyb
   816 | D        | Noticed Jessica
   816 | D        | Noticed Saint Roka
   816 | D        | Noticed Menkaure
   816 | D        | Noticed Agnes
   817 | D        | Noticed Azrael
   817 | D        | Noticed Joseph
   817 | D        | Noticed Donald
   817 | D        | Noticed Sonja
   817 | D        | Noticed Erica
   818 | D        | Killed Eustachio
   818 | D        | Killed Menkaure
   818 | D        | Killed Donald
   818 | D        | Killed Jessica
   818 | D        | Killed Ijyb
   818 | D        | Killed Azrael
   819 | D        | Killed Joseph
   819 | D        | Killed Erica
   819 | D        | Killed Sonja
   819 | D        | Killed Agnes
   819 | D        | Killed Polyphemus
   820 | D        | Noticed Roxanne
   820 | D        | Found the +10 morningstar "Eos" {elec, Halo rElec}
   821 | D        | Found a transporter.
   825 | D        | Killed Saint Roka
   837 | D        | Killed Roxanne
   875 | D        | Got the Discourse on Aerial Frost
   899 | D        | Entered arena 19.
   901 | D        | Noticed a shadow dragon
   901 | D        | Noticed a shadow dragon
   903 | D        | Killed a shadow dragon
   904 | D        | Reached XP level 14. HP: 128/128 MP: 20/28
   904 | D        | Found the +12 pair of quick blades "Gyre" and "Gimble"
                  | {protect}
   908 | D        | Killed a shadow dragon
   912 | D        | Found a transporter.
   917 | D        | Got the ring of the Pariah {rPois MP+9}
   931 | D        | Got the Codex of the Inferno and the Excursion
   945 | D        | Entered arena 20.
   949 | D        | Noticed a searing wretch
   949 | D        | Noticed a balrug
   949 | D        | Noticed a fire giant
   949 | D        | Noticed a searing wretch
   950 | D        | Noticed a searing wretch
   950 | D        | Noticed a balrug
   950 | D        | Noticed a fire giant
   950 | D        | Noticed a fire giant
   950 | D        | Noticed a fire giant
   950 | D        | Noticed a fire giant
   950 | D        | Found the +7 Spriggan's Knife {stab, EV+4 Stlth+}
   950 | D        | Noticed a fire giant
   951 | D        | Killed a balrug
   952 | D        | Killed a fire giant
   952 | D        | Killed a fire giant
   952 | D        | Killed a searing wretch
   952 | D        | Killed a fire giant
   953 | D        | Killed a balrug
   953 | D        | Killed a fire giant
   953 | D        | Killed a fire giant
   953 | D        | Killed a fire giant
   953 | D        | Killed a searing wretch
   955 | D        | Killed a searing wretch
   975 | D        | Found a transporter.
  1005 | D        | Got the Handbook of Horrible Detritus
  1042 | D        | Acquired a manual of Evocations
  1046 | D        | Entered arena 21.
  1049 | D        | Noticed a stone giant
  1049 | D        | Noticed a stone giant
  1050 | D        | Noticed a frost giant
  1050 | D        | Noticed a frost giant
  1050 | D        | Noticed a titan
  1050 | D        | Noticed a stone giant
  1050 | D        | Noticed a fire giant
  1050 | D        | Noticed a frost giant
  1050 | D        | Noticed a fire giant
  1050 | D        | Noticed a stone giant
  1050 | D        | Noticed a stone giant
  1050 | D        | Noticed a titan
  1051 | D        | Noticed a fire giant
  1051 | D        | Noticed a frost giant
  1051 | D        | Noticed a frost giant
  1051 | D        | Noticed a fire giant
  1051 | D        | Noticed a fire giant
  1051 | D        | Noticed a fire giant
  1052 | D        | Killed a stone giant
  1052 | D        | Killed a stone giant
  1052 | D        | Killed a titan
  1052 | D        | Killed a stone giant
  1053 | D        | Reached skill level 15 in Evocations
  1053 | D        | Killed a stone giant
  1053 | D        | Killed a frost giant
  1053 | D        | Killed a frost giant
  1053 | D        | Killed a stone giant
  1053 | D        | Killed a fire giant
  1053 | D        | Killed a fire giant
  1053 | D        | Killed a frost giant
  1053 | D        | Killed a fire giant
  1053 | D        | Killed a frost giant
  1053 | D        | Killed a titan
  1053 | D        | Noticed a stone giant
  1054 | D        | Gained mutation: A demonic guardian rushes to your aid.
                  | [demonic ancestry]
  1054 | D        | Reached XP level 15. HP: 118/139 MP: 11/31
  1055 | D        | Found a transporter.
  1057 | D        | Killed a frost giant
  1057 | D        | Killed a fire giant
  1058 | D        | Killed a fire giant
  1062 | D        | Killed a fire giant
  1129 | D        | Entered arena 22.
  1132 | D        | Noticed a nagaraja
  1132 | D        | Noticed a nagaraja
  1132 | D        | Noticed a nagaraja
  1133 | D        | Noticed a nagaraja
  1135 | D        | Noticed a nagaraja
  1135 | D        | Killed a nagaraja
  1135 | D        | Killed a nagaraja
  1135 | D        | Killed a nagaraja
  1137 | D        | Noticed a nagaraja
  1138 | D        | Found a transporter.
  1139 | D        | Killed a nagaraja
  1145 | D        | Killed a nagaraja
  1149 | D        | Killed a nagaraja
  1180 | D        | Got the ring "Cuskonk" {MP+9 Dex+6 Slay+2}
  1200 | D        | Got the +0 pair of boots of the Boiling Point {Will+ Str+7
                  | Int-2 Dex-3}
  1227 | D        | Entered arena 23.
  1232 | D        | Noticed a bone dragon
  1233 | D        | Noticed a tentacled starspawn
  1234 | D        | Killed a tentacled starspawn
  1235 | D        | Found the +8 trishula "Condemnation" {holy, anguish, *Noise
                  | Fly rN+}
  1236 | D        | Killed a bone dragon
  1238 | D        | Found a transporter.
  1261 | D        | Got the ring "Niuwus" {Wiz Dex+2 Stlth+}
  1314 | D        | Entered arena 24.
  1319 | D        | Noticed an Executioner
  1321 | D        | Noticed Dofauf the pandemonium lord
  1321 | D        | Identified the +5 spear of the Blessed Realm {heavy, *Rage
                  | rF++ Will- SInv}
  1321 | D        | Found the +8 arc blade {discharge, rElec}
  1322 | D        | Noticed a bone dragon
  1323 | D        | Reached XP level 16. HP: 131/152 MP: 22/33
  1323 | D        | Killed an Executioner
  1325 | D        | Killed Dofauf the pandemonium lord
  1326 | D        | Found a transporter.
  1339 | D        | Killed a bone dragon
  1363 | D        | Got the ring of Oschutosu {rF+ rN+ Will+ MP-9 Str+2}
  1447 | D        | Entered arena 25.
  1453 | D        | Identified the amulet "Enafougo" {Acrobat +Blink rC+ rN+
                  | Str-2}
  1455 | D        | Found the macabre finger necklace {Finger+ rN+}
  1458 | D        | Reached skill level 27 in Invocations
  1462 | D        | Found a transporter.
  1490 | D        | Got the Papyrus of Supportive Anthracomancy
  1505 | D        | Got the Folio of the Translocated Union
  1506 | D        | Got the +2 pair of boots "Amuptoc" {rPois rN+++ Regen+
                  | Dex-2}
  1530 | D        | Got Ymazxooju's Thoughts on Gusts and Command
  1558 | D        | Entered arena 26.
  1567 | D        | Noticed a shadow dragon
  1567 | D        | Noticed a shadow dragon
  1568 | D        | Noticed a quicksilver dragon
  1568 | D        | Noticed a shadow dragon
  1568 | D        | Noticed a golden dragon
  1568 | D        | Noticed a quicksilver dragon
  1568 | D        | Found the +6 arbalest "Damnation" {damnation}
  1569 | D        | Noticed a shadow dragon
  1569 | D        | Noticed a shadow dragon
  1569 | D        | Noticed a golden dragon
  1570 | D        | Noticed a golden dragon
  1570 | D        | Noticed a quicksilver dragon
  1571 | D        | Killed a shadow dragon
  1571 | D        | Killed a quicksilver dragon
  1571 | D        | Killed a quicksilver dragon
  1572 | D        | Killed a quicksilver dragon
  1572 | D        | Killed a golden dragon
  1572 | D        | Killed a shadow dragon
  1572 | D        | Killed a golden dragon
  1572 | D        | Killed a golden dragon
  1573 | D        | Gained mutation: You have a sharp stinger which inflicts
                  | weakening toxins. [demonic ancestry]
  1573 | D        | Reached XP level 17. HP: 156/166 MP: 34/34
  1576 | D        | Found a transporter.
  1599 | D        | Got the Quarto of Fascination
  1714 | D        | Entered arena 27.
  1721 | D        | Noticed a titan
  1721 | D        | Noticed a shard shrike
  1722 | D        | Noticed a titan
  1722 | D        | Noticed an Ice Fiend
  1722 | D        | Noticed an Ice Fiend
  1722 | D        | Noticed a shard shrike
  1722 | D        | Noticed a shard shrike
  1722 | D        | Noticed an Ice Fiend
  1723 | D        | Noticed an Ice Fiend
  1723 | D        | Noticed an Ice Fiend
  1723 | D        | Noticed an Ice Fiend
  1724 | D        | Noticed an Ice Fiend
  1725 | D        | Killed an Ice Fiend
  1725 | D        | Killed an Ice Fiend
  1725 | D        | Killed a titan
  1725 | D        | Killed a titan
  1725 | D        | Killed an Ice Fiend
  1725 | D        | Killed an Ice Fiend
  1725 | D        | Killed an Ice Fiend
  1725 | D        | Noticed a dread lich
  1726 | D        | Reached skill level 10 in Dodging
  1726 | D        | Killed an Ice Fiend
  1726 | D        | Killed a shard shrike
  1726 | D        | Killed a dread lich
  1726 | D        | Killed an Ice Fiend
  1730 | D        | Killed a shard shrike
  1732 | D        | Killed a shard shrike
  1733 | D        | Gained mutation: You have an unnaturally thin skeletal
                  | structure. (Dex +6, Stealth+++) [demonic ancestry]
  1733 | D        | Reached XP level 18. HP: 94/179 MP: 11/35
  1763 | D        | Found the +0 mask of the Dragon {Will+ Slay+3 SInv}
  1765 | D        | Found a transporter.
  1791 | D        | Got the +1 pair of gloves "Momid" {rElec Str+9 Dex-2}
  1816 | D        | Got the Catalogue of the Tainted Crypt
  1820 | D        | Got the Directory of the Injurious Flock
  1835 | D        | Got the Collected Works on Blows and the Damned
  1886 | D        | Entered arena 28.
  1894 | D        | Noticed a golden dragon
  1894 | D        | Noticed a tentacled monstrosity
  1894 | D        | Noticed a tentacled monstrosity
  1895 | D        | Noticed an Orb Guardian
  1895 | D        | Noticed a curse toe
  1895 | D        | Noticed an Orb Guardian
  1895 | D        | Noticed an Orb Guardian
  1895 | D        | Noticed an Orb Guardian
  1895 | D        | Noticed an Orb Guardian
  1895 | D        | Noticed an Orb Guardian
  1896 | D        | Noticed an Orb Guardian
  1896 | D        | Noticed an Orb Guardian
  1896 | D        | Noticed an Orb Guardian
  1896 | D        | Identified the amulet of Imelexuolu {Will+ Regen+}
  1896 | D        | Noticed an Orb Guardian
  1897 | D        | Noticed an Orb Guardian
  1897 | D        | Noticed a golden dragon
  1897 | D        | Noticed an Orb Guardian
  1898 | D        | Killed an Orb Guardian
  1898 | D        | Killed an Orb Guardian
  1898 | D        | Killed an Orb Guardian
  1898 | D        | Killed an Orb Guardian
  1898 | D        | Killed an Orb Guardian
  1898 | D        | Killed an Orb Guardian
  1898 | D        | Killed an Orb Guardian
  1898 | D        | Killed an Orb Guardian
  1898 | D        | Killed an Orb Guardian
  1898 | D        | Killed a golden dragon
  1898 | D        | Killed an Orb Guardian
  1898 | D        | Killed a tentacled monstrosity
  1898 | D        | Noticed an Orb Guardian
  1899 | D        | Reached skill level 27 in Fighting
  1899 | D        | Reached skill level 10 in Throwing
  1899 | D        | Reached skill level 15 in Dodging
  1899 | D        | Identified the amulet of Wieligy {Reflect Rampage SH+5}
  1900 | D        | Noticed a Killer Klown
  1900 | D        | Noticed an Orb Guardian
  1900 | D        | Noticed a golden dragon
  1901 | D        | Killed an Orb Guardian
  1901 | D        | Killed an Orb Guardian
  1901 | D        | Killed an Orb Guardian
  1901 | D        | Killed a curse toe
  1901 | D        | Killed a golden dragon
  1901 | D        | Killed an Orb Guardian
  1902 | D        | Killed a tentacled monstrosity
  1903 | D        | Identified the ring of Perfectionism {Str+5 Slay-5 SInv}
  1903 | D        | Noticed an Orb Guardian
  1904 | D        | Found a transporter.
  1905 | D        | Killed an Orb Guardian
  1905 | D        | Killed a Killer Klown
  1905 | D        | Killed an Orb Guardian
  1906 | D        | Reached skill level 27 in Evocations
  1907 | D        | Killed a golden dragon
  1915 | D        | Gained mutation: When low on magic, you restore magic in
                  | place of health. [demonic ancestry]
  1915 | D        | Reached XP level 19. HP: 188/189 MP: 36/36
  1929 | D        | Got the Papyrus of Molten Transfiguration
  1957 | D        | Got the ring of Leituq {Will+ AC+4 Int+2 SInv}
  2024 | D        | Got the Orb of Zot
  2029 | D        | Escaped with the Orb!

Illustrated notes

Levels and vault maps discovered:
D:        sprint_v [room_start, room_1, room_2, room_3, room_4, room_5, room_6,
          room_7, room_8, room_9, room_10, room_11, room_12, room_13, room_14,
          room_15, room_16, room_17, room_18, room_19, room_20, room_21,
          room_22, room_23, room_24, room_25, room_26, room_27]

Skill      XL: |  1  2  3  4  5  6  7  8  9 10 11 12 13 14 15 16 17 18 19 |
---------------+----------------------------------------------------------+-----
Fighting       | 4 6 7 8 9 10 11 12 14 15 17 19 21 24 26 27 | 27.0
Axes           | 3 5 6 7 8 9 10 11 12 14 16 18 19 22 24 26 | 26.3
Armour         | 4 5 6 7 8 9 10 11 13 14 16 18 19 22 24 26 | 26.4
Shields        | 4 5 6 7 8 9 10 11 13 14 16 18 19 22 24 26 | 26.4
Invocations    | 4 6 8 10 11 13 15 17 18 21 24 26 27 | 27.0
Evocations     | 2 6 9 12 16 19 23 25 27 | 27.0
Dodging        | 13 17 | 17.4
Throwing       | 13 14 | 14.0

Action                     |  1- 3 |  4- 6 |  7- 9 | 10-12 | 13-15 | 16-18 | 19-21 || total
---------------------------+-------+-------+-------+-------+-------+-------+-------++-------
  Melee: Broad axe         |     3 |     4 |    26 |    47 |    54 |    54 |     6 ||   194
         Tailslap          |       |       |     1 |     8 |    14 |     9 |     3 ||    35
 Invoke: Disaster Area     |       |       |       |     4 |    13 |    10 |       ||    27
Ability: Evoke Invisibilit |       |       |       |       |     1 |     2 |       ||     3
    Use: Potion            |     1 |       |       |       |     1 |     3 |       ||     5
         Scroll            |       |       |       |       |     1 |     2 |       ||     3
   Stab: Distracted        |       |       |       |     1 |     1 |     1 |       ||     3
         Invisible         |       |       |       |       |       |     7 |     3 ||    10
 Armour: Plate armour      |     2 |     1 |    14 |    24 |    23 |    16 |       ||    80
  Dodge: Dodged            |       |       |     1 |     5 |     3 |     8 |     1 ||    18
         Repelled          |       |       |       |       |       |     4 |       ||     4
  Block: Kite shield       |     4 |     4 |    52 |   103 |    71 |    42 |     2 ||   278

Table legend: (Time is in decaauts)
 A = Elapsed time spent in this place.
 B = Non-inter-level travel time spent in this place.
 C = Inter-level travel time spent in this place.
 D = Time resting spent in this place.
 E = Time spent auto-exploring this place.
 F = Levels seen in this place.
 G = Mean time per level.
                   A        B        C        D        E       F      G
               +--------+--------+--------+--------+--------+-----+--------+
         Total |   1944 |   1770 |    174 |    127 |    668 |   1 | 1944.0 |
       Dungeon |   1944 |   1770 |    174 |    127 |    668 |   1 | 1944.0 |
               +--------+--------+--------+--------+--------+-----+--------+

Top non-repeatable levels by time:
       D: 1944 daAuts
